 Dungeon Crawl Stone Soup version 0.21.1-1-g345015f (webtiles) character file.

10777 inc the Blocker (level 11, -6/61 HPs)
             Began as an Octopode Fire Elementalist on Apr 21, 2018.
             Was an Initiate of Gozag.
             Mangled by a spiny frog (13 damage)
             ... on level 1 of the Lair of Beasts.
             The game lasted 00:38:41 (15923 turns).

inc the Blocker (Octopode Fire Elementalist)       Turns: 15923, Time: 00:38:41

Health: -6/61      AC:  1    Str:  7    XL:     11   Next: 67%
Magic:  19/34      EV: 13    Int: 21    God:    Gozag
Gold:   2207       SH: 12    Dex: 15    Spells: 17/30 levels left

rFire    + . .     SeeInvis .   I - +2 long sword (elec)
rCold    x . .     Gourm    .   g - +1 shield
rNeg     . . .     Faith    .   (helmet restricted)
rPois    .         Spirit   .   (no amulet)
rElec    .         Reflect  .   f - ring of magical power
rCorr    .         Harm     .   t - +2 ring of dexterity
MR       .....                  o - ring of fire
Stlth    +++.......             (no ring)
HPRegen  0.20/turn              (no ring)
MPRegen  0.24/turn              (no ring)
                                (no ring)
                                (no ring)

@: no status effects
A: almost no armour, stealthy swim, amphibious, 8 rings, constrict 8, camouflage
1, gelatinous body 1
a: Potion Petition, Call Merchant, Bribe Branch, Renounce Religion


You were on level 1 of the Lair of Beasts.
You worshipped Gozag.
Gozag was most pleased with you.
You were not hungry.

You visited 3 branches of the dungeon, and saw 13 of its levels.
You also visited: Sewer.

You collected 2248 gold pieces.
You paid 41 gold pieces to Gozag.

Inventory:

Hand Weapons
 d - a +1 antimagic short sword
 r - a +0 whip
 z - a +0 falchion of holy wrath
 I - a +2 long sword of electrocution (weapon)
Armour
 g - a +1 shield (worn)
Magical Staves
 x - an uncursed staff of death
Jewellery
 f - a ring of magical power (left tentacle)
 o - a ring of fire (on tentacle)
 t - a +2 ring of dexterity (right tentacle)
 F - an uncursed amulet of guardian spirit
 H - an uncursed ring of fire
 L - an uncursed ring of teleportation
 P - a cursed ring of teleportation
Wands
 h - a wand of scattershot (5)
 D - a wand of paralysis (9)
 E - a wand of acid (3)
 N - a wand of flame (13)
 S - a wand of disintegration (6)
Scrolls
 e - 4 scrolls of fog
 j - 4 scrolls of magic mapping
 k - 3 scrolls of teleportation
 s - 3 scrolls of remove curse
 w - 3 scrolls of enchant weapon
 y - 3 scrolls of silence {unknown}
 B - 2 scrolls of amnesia {unknown}
 C - a scroll of blinking
 J - a scroll of acquirement {unknown}
 K - 2 scrolls of identify
 M - a scroll of torment {unknown}
 O - a scroll of immolation {unknown}
 Q - a scroll of random uselessness
Potions
 c - 3 potions of curing
 i - 2 potions of ambrosia
 l - 4 potions of brilliance
 m - a potion of flight
 n - a potion of berserk rage
 p - 2 potions of might
 q - 2 potions of magic
 u - 2 potions of resistance
 v - 2 potions of agility
 A - 2 potions of cancellation {unknown}
 R - a potion of heal wounds
 T - a potion of haste {unknown}
Books
 a - a book of Flames

   Spells                             Type                      Level
   a - Flame Tongue                   Conjuration/Fire             1
   b - Throw Flame                    Conjuration/Fire             2
   c - Conjure Flame                  Conjuration/Fire             3
   d - Inner Flame                    Hexes/Fire                   3
   e - Sticky Flame                   Conjuration/Fire             4
   f - Fireball                       Conjuration/Fire             5
 G - a book of Power

   Spells                             Type                      Level
   a - Iskenderun's Battlesphere      Conjuration/Charms           5
   b - Venom Bolt                     Conjuration/Poison           5
   c - Bolt of Magma                  Conjuration/Fire/Earth       5
   d - Iron Shot                      Conjuration/Earth            6
   e - Orb of Destruction             Conjuration                  7
   f - Spellforged Servitor           Conjuration/Summoning        7
Comestibles
 b - 5 rations


   Skills:
 - Level 2.0 Dodging
 - Level 2.6 Stealth
 - Level 11.1 Shields
 - Level 10.2 Spellcasting
 + Level 6.9 Conjurations
 + Level 6.8 Fire Magic


You had 17 spell levels left.
You knew the following spells:

 Your Spells              Type           Power        Failure   Level  Hunger
a - Flame Tongue          Conj/Fire      #####        1%          1    None
b - Sticky Flame          Conj/Fire      ######..     6%          4    ##.....
c - Conjure Flame         Conj/Fire      ######..     1%          3    None
d - Fireball              Conj/Fire      ######....   16%         5    ####...


Dungeon Overview and Level Annotations

Branches:
Dungeon (11/15)            Temple (1/1) D:4            Lair (1/6) D:11
    Orc: D:9-12

Altars:
Elyvilon
Fedhas
Gozag
Hepliaklqana
Makhleb
Nemelex Xobeh
Okawaru
Qazlal
Ru
Sif Muna
Vehumet
Zin
The Shining One

Shops:
D:4 (   D:8 (   D:11 [

Annotations:
D:5 bmj180's ghost, novice DEIE


Innate Abilities, Weirdness & Mutations

You cannot wear most types of armour.
You are very stealthy in the water. (Stealth+)
You are amphibious.
You can wear up to eight rings at the same time.
You can use your tentacles to constrict eight enemies at once.
Your skin changes colour to match your surroundings (Stealth+).
Your rubbery body absorbs attacks. (AC +1, EV +1)


Message History

The spiny frog barely misses you.
Casting: Flame Tongue
Confirm with . or Enter, or press ? or * to list all spells.
Aiming: Flame Tongue
Press: ? - help, Shift-Dir - straight line, f/p - spiny frog
Aim: a spiny frog (almost dead)
You feel a surge of power!
The flame tongue misses the spiny frog.
The spiny frog stings you!!
* * * LOW HITPOINT WARNING * * *
You block the spiny frog's attack.
Casting: Flame Tongue
Confirm with . or Enter, or press ? or * to list all spells.
Aiming: Flame Tongue
Press: ? - help, Shift-Dir - straight line, f/p - spiny frog
Aim: a spiny frog (almost dead)
You feel a surge of power!
The flame tongue hits the spiny frog.
The spiny frog is almost dead.
The spiny frog stings you!
You die...
Your body crumbles into a pile of gold.

.............##
#............#
##.P........#
##...........#
#.........P..##
##............#
####............#
#..............[###
###.##..........@F..#
....##....................
..####............#.+.....
$ .8# #............###
.... ..# ####..########
.## ..# ## .## # ###
##.##.# .####.....#
..........#


You could see a spiny frog.

Vanquished Creatures
  Nergalle (D:11)
  An unseen horror (D:10)
  A deep elf mage (D:11)
  2 trolls
  6 slime creatures
  4 hippogriffs
  A human (D:11)
  4 yaks
  Grum (D:8)
  2 steam dragons
  Menkaure (D:6)
  3 water moccasins
  2 ice beasts
  6 sky beasts
  2 black bears
  The ghost of bmj180 the Chopper, an amateur MiBe of Trog (D:3)
  4 orc warriors
  A phantom (D:9)
  8 ogres
  6 wolves
  7 bullfrogs
  3 scorpions
  5 wights (D:9)
  3 howler monkeys (D:10)
  2 electric eels (D:11)
  A bullfrog zombie (D:9)
  5 crimson imps
  7 hounds
  19 orc wizards
  3 jellies
  6 orc priests
  A centaur skeleton (D:10)
  4 iguanas
  5 worker ants
  2 hound zombies
  A howler monkey zombie (D:5)
  A worker ant zombie (D:11)
  7 gnolls
  15 adders
  A howler monkey skeleton (D:2)
  6 river rats (Sewer)
  2 shadow imps
  2 oozes
  An adder zombie (D:8)
  An adder skeleton (D:4)
  6 worms
  4 dart slugs
  11 leopard geckos
  35 orcs
  17 ball pythons
  9 giant cockroaches
  5 hobgoblins
  8 jackals
  A quokka (D:2)
  7 bats
  4 frilled lizards
  6 goblins
  9 kobolds
  A leopard gecko skeleton (D:6)
  26 rats
316 creatures vanquished.

Vanquished Creatures (others)
  An orc warrior (D:11)
  An orc (D:11)
  A kobold (D:11)
3 creatures vanquished.

Grand Total: 319 creatures vanquished

Notes
Turn   | Place    | Note
-------+----------+-------------------------------------------
     0 | D:1      | inc the Octopode Fire Elementalist began the quest for the Orb.
     0 | D:1      | Reached XP level 1. HP: 11/11 MP: 3/3
   192 | D:1      | Reached XP level 2. HP: 17/17 MP: 0/5
   796 | D:2      | Reached XP level 3. HP: 21/21 MP: 6/6
  1097 | D:2      | Reached XP level 4. HP: 27/27 MP: 7/7
  1836 | D:3      | Reached XP level 5. HP: 31/31 MP: 8/8
  1907 | D:3      | Noticed bmj180's ghost (amateur MiBe)
  2576 | D:4      | Found a staircase to the Ecumenical Temple.
  2583 | Temple   | Entered the Ecumenical Temple
  2593 | Temple   | Became a worshipper of Gozag Ym Sagoz the Greedy
  2662 | D:4      | Found a sacrificial altar of Ru.
  2667 | D:4      | Reached XP level 6. HP: 36/36 MP: 10/10
  2814 | D:4      | Found a glowing drain.
  2836 | Sewer    | Entered a sewer
  3226 | Sewer    | Reached skill level 5 in Conjurations
  3234 | Sewer    | Reached skill level 5 in Fire Magic
  3234 | Sewer    | Reached XP level 7. HP: 41/41 MP: 1/11
  3530 | D:4      | Found Buocoecu's Antique Weapon Shoppe.
  3818 | D:4      | Reached skill level 1 in Shields
  4294 | D:5      | Entered Level 5 of the Dungeon
  4356 | D:5      | Reached skill level 2 in Shields
  4364 | D:5      | Learned a level 4 spell: Sticky Flame
  4401 | D:5      | Reached skill level 3 in Shields
  4549 | D:5      | Reached XP level 8. HP: 19/46 MP: 11/12
  4749 | D:5      | Reached skill level 4 in Shields
  4771 | D:5      | Noticed bmj180's ghost (novice DEIE)
  4788 | D:5      | Reached skill level 5 in Shields
  5669 | D:6      | Noticed Menkaure
  5669 | D:6      | Reached skill level 6 in Shields
  5671 | D:6      | Killed Menkaure
  5679 | D:6      | Reached skill level 7 in Shields
  6007 | D:6      | Reached XP level 9. HP: 43/51 MP: 13/13
  6078 | D:6      | Reached skill level 8 in Shields
  6349 | D:6      | Found a burning altar of Makhleb.
  6635 | D:7      | Reached skill level 9 in Shields
  7097 | D:7      | Found a hazy altar of Hepliaklqana.
  7511 | D:7      | Found a white marble altar of Elyvilon.
  7662 | D:7      | Reached skill level 10 in Shields
  8770 | D:3      | Killed bmj180's ghost
  9064 | D:8      | Reached skill level 11 in Shields
  9064 | D:8      | Reached XP level 10. HP: 39/56 MP: 12/14
  9373 | D:8      | Noticed Grum
  9387 | D:8      | Killed Grum
  9390 | D:8      | HP: 1/56 [wolf[Grum] (2)]
  9698 | D:8      | Found a sparkling altar of Nemelex Xobeh.
  9766 | D:8      | Found Zuaxiwn's Antique Weapon Emporium.
  9808 | D:8      | Reached skill level 5 in Spellcasting
 11180 | D:10     | Entered Level 10 of the Dungeon
 11639 | D:10     | Found a glowing silver altar of Zin.
 11870 | D:10     | HP: 2/56 [troll (12)]
 12265 | D:9      | Learned a level 3 spell: Conjure Flame
 12770 | D:10     | Noticed an unseen horror
 12776 | D:10     | Killed an unseen horror
 12776 | D:10     | Reached XP level 11. HP: 18/61 MP: 23/23
 13435 | D:11     | Noticed Nergalle
 13943 | D:11     | Killed Nergalle
 14206 | D:11     | Noticed a cyclops
 14357 | D:11     | Reached skill level 10 in Spellcasting
 14968 | D:10     | Learned a level 5 spell: Fireball
 15155 | D:11     | Found a staircase to the Lair.
 15289 | D:11     | Found Heiraol's Antique Armour Boutique.
 15330 | D:11     | Noticed a deep elf mage
 15337 | D:11     | Killed a deep elf mage
 15837 | Lair:1   | Entered Level 1 of the Lair of Beasts
 15923 | Lair:1   | Mangled by a spiny frog

Skill      XL: |  1  2  3  4  5  6  7  8  9 10 11 |
---------------+----------------------------------+-----
Conjurations   | 2 3 4 5 6 |  6.9
Fire Magic     | 4 5 6 |  6.8
Spellcasting   | 3 8 10 | 10.2
Shields        | 3 7 11 | 11.1
Dodging        | |  2.0
Stealth        | |  2.6

Action                   |  1- 3 |  4- 6 |  7- 9 | 10-12 || total
-------------------------+-------+-------+-------+-------++-------
Melee: Unarmed           |     6 |       |     2 |       ||     8
       Constrict         |     1 |       |     9 |     6 ||    16
       Tentacles         |     1 |       |     8 |     6 ||    15
       Staff             |       |       |    46 |       ||    46
       Short sword       |       |       |     4 |       ||     4
       Long sword        |       |       |       |    20 ||    20
 Cast: Flame Tongue      |    52 |   160 |   312 |   366 ||   890
       Sticky Flame      |       |       |     1 |    22 ||    23
       Conjure Flame     |       |       |       |     3 ||     3
  Use: Scroll            |       |     9 |     7 |     9 ||    25
       Potion            |       |       |     4 |     5 ||     9
 Stab: Sleeping          |       |       |     2 |     1 ||     3
  Eat: Chunk             |     1 |     6 |       |       ||     7
       Ration            |       |     1 |     5 |     7 ||    13
Armor: Skin              |     3 |       |     4 |     9 ||    16
Dodge: Dodged            |    31 |    16 |    64 |    70 ||   181
Block: Shield            |       |       |    62 |   122 ||   184
       Rpst.: Long sword |       |       |       |    14 ||    14
